 Dungeon Crawl Stone Soup version 0.29-a0-333-gb4c28e87c6 (webtiles) character file.

Game seed: 9579647481251066862

4 Jortsu the Skirmisher (level 1, 0/18 HPs)
             Began as a Demonspawn Fighter on Apr 13, 2022.
             Slain by a quokka (1 damage)
             ... on level 1 of the Dungeon.
             The game lasted 00:00:11 (348 turns).

Jortsu the Skirmisher (Demonspawn Fighter)           Turns: 348, Time: 00:00:11

Health: 0/18       AC:  6    Str: 16    XL:     1   Next: 50%
Magic:  1/1        EV:  8    Int:  9    God:
Gold:   18         SH:  4    Dex: 12    Spells: 0/0 levels left

rFire   . . .      SeeInvis .   a - +0 war axe
rCold   . . .      Faith    .   c - +0 buckler
rNeg    . . .      Spirit   .   b - +0 scale mail
rPois   .          Reflect  .   (no helmet)
rElec   .          Harm     .   (no cloak)
rCorr   .          Rampage  .   (no gloves)
Will    .....                   (no boots)
Stlth   ..........              (no amulet)
HPRegen 0.06/turn               (no ring)
MPRegen 0.07/turn               (no ring)

@: no status effects
A: no striking features
a: no special abilities


You were on level 1 of the Dungeon.
You visited 1 branch of the dungeon, and saw 1 of its levels.

You collected 18 gold pieces.

Inventory:

Hand Weapons
 a - a +0 war axe (weapon)
Armour
 b - a +0 scale mail (worn)
 c - a +0 buckler (worn)
Potions
 d - 2 potions of might
 e - a potion of degeneration {unknown}


   Skills:
 + Level 3.0 Fighting
 + Level 1.9 Axes
 + Level 2.8 Armour
 + Level 2.7 Shields


You couldn't memorise any spells.
You didn't know any spells.
Your spell library was empty.

Dungeon Overview and Level Annotations

Branches:
Dungeon (1/15)

Altars:


Message History

You now have 7 gold pieces.
You now have 18 gold pieces (gained 11).
Found a dagger.
e - a metallic inky potion
d - 2 potions of might (gained 1)
A rat comes into view.
A rat is nearby!
The rat twitches its whiskers.
The rat barely misses you.
You hit the demonic plant.
The demonic plant begins to die.
The demonic plant is lightly damaged.
You hit the rat but do no damage. The rat bites you. x2
You slash the rat!
You kill the rat!
You hit the demonic plant.
A nearby demonic plant withers and dies.
Found a faded altar of an unknown god.
You see here a +0 dagger.
A quokka comes into view.
There is a faded altar of an unknown god here.
The quokka bites you but does no damage.
You closely miss the quokka. You slash the plant!
The plant begins to die.
You block the quokka's attack.
The quokka bites you but does no damage.
You barely miss the quokka. You hit the plant but do no damage.
The quokka twitches its whiskers.
The quokka bites you. The quokka closely misses you.
You closely miss the quokka. You slash the plant!
A nearby plant withers and dies.
The quokka bites you. x2
You barely miss the quokka.
The quokka bites you but does no damage.
You miss the quokka. The quokka bites you.
The quokka bites you but does no damage.
You barely miss the quokka. The quokka bites you. x2
* * * LOW HITPOINT WARNING * * *
You barely miss the quokka. The quokka bites you.
* * * LOW HITPOINT WARNING * * *
The quokka twitches its whiskers.
The quokka bites you.
You die...

##############
.............# ##
.########.#########.# #
.#.....###....#PP.P###..
......#.P)PP..#..P....#
##.#.##PP.....#...P...##
....#PP.......#........P
##.##........._.@r..P..P
.#.##....PPP..#.........
.#.#.##P......#...P.P.##
......#P.P....#.PP....#
##.#...###P...#..PP###.#
##.#......#########.. #
##.#...#### .#.
##.#....# .# ##.####.#


You could see a quokka.

Vanquished Creatures
  An endoplasm (D:1)
  A giant cockroach (D:1)
  A kobold (D:1)
  A rat (D:1)
4 creatures vanquished.

Vanquished Creatures (others)
  A demonic plant (D:1)
  A plant (D:1)
2 creatures vanquished.

Grand Total: 6 creatures vanquished

Notes
Turn   | Place    | Note
-------+----------+-------------------------------------------
     0 | D:1      | Jortsu the Demonspawn Fighter began the quest for the Orb.
     0 | D:1      | Reached XP level 1. HP: 18/18 MP: 1/1
   272 | D:1      | Found a faded altar of an unknown god.
   348 | D:1      | Slain by a quokka

Illustrated notes

Levels and vault maps discovered:
D:1:      psy_arrival_statuary, layout_basic, shapermc_ecumenical_altar_gd,
          serial_rivers, chequers_serial_rivers_micro_b,
          chequers_serial_rivers_small_3, chequers_serial_rivers_small_b,
          chequers_serial_rivers_micro_d, chequers_serial_rivers_room_a,
          minmay_box_of_dots

Action                   || total
-------------------------++-------
Melee: War axe           ||    19
Armor: Scale mail        ||    14
Dodge: Dodged            ||    12
Block: Buckler           ||     3

Table legend: (Time is in decaauts)
 A = Elapsed time spent in this place.
 B = Non-inter-level travel time spent in this place.
 C = Inter-level travel time spent in this place.
 D = Time resting spent in this place.
 E = Time spent auto-exploring this place.
 F = Levels seen in this place.
 G = Mean time per level.
                   A        B        C        D        E       F      G
               +--------+--------+--------+--------+--------+-----+--------+
         Total |    356 |    356 |      0 |      0 |    312 |   1 |  356.0 |
       Dungeon |    356 |    356 |      0 |      0 |    312 |   1 |  356.0 |
               +--------+--------+--------+--------+--------+-----+--------+

Top non-repeatable levels by time:
     D:1: 356 daAuts
